 Dungeon Crawl Stone Soup version 0.28-a0-1182-g381e24db82 (webtiles) character file.

Game seed: 16685872755424596032

53 heartyfrogbroth the Chopper (level 3, -6/34 HPs)
             Began as a Minotaur Berserker on Dec 16, 2021.
             Was a Follower of Trog.
             Mangled by a scorpion (8 damage)
             ... on level 5 of the Dungeon.
             The game lasted 00:05:48 (293 turns).

heartyfrogbroth the Chopper (Minotaur Berserker)     Turns: 293, Time: 00:05:49

Health: -6/34      AC:  2    Str: 23    XL:     3   Next: 62%
Magic:  2/2        EV: 12    Int:  4    God:    Trog [*.....]
Gold:   41         SH:  0    Dex:  9    Spells: 2/2 levels left

rFire   . . .      SeeInvis .   f - +0 war axe
rCold   . . .      Faith    .   (no shield)
rNeg    . . .      Spirit   .   b - +0 animal skin
rPois   .          Reflect  .   (helmet restricted)
rElec   .          Harm     .   (no cloak)
rCorr   .          Rampage  .   (no gloves)
Will    .....                   (no boots)
Stlth   +.........              (no amulet)
HPRegen 0.11/turn               (no ring)
MPRegen 0.08/turn               (no ring)

@: no status effects
A: horns 2, retaliatory headbutt
a: Renounce Religion, Berserk


You were on level 5 of the Dungeon.
You worshipped Trog.
Trog was aware of your devotion.
You visited 1 branch of the dungeon, and saw 5 of its levels.

You collected 41 gold pieces.

Inventory:

Hand Weapons
 a - a +0 hand axe
 d - a +0 short sword
 e - a +0 short sword
 f - a +0 war axe (weapon)
Missiles
 c - 4 boomerangs (quivered)
Armour
 b - a +0 animal skin (worn)
 g - a +0 robe
Jewellery
 h - a +6 ring of intelligence


   Skills:
 + Level 4.3 Fighting
 + Level 4.7 Axes
 + Level 2.6 Armour
 + Level 2.6 Dodging


You had 2 spell levels left.
You didn't know any spells.
Your spell library was empty.

Dungeon Overview and Level Annotations

Branches:
Dungeon (5/15)
 Temple: D:4-7

Altars:
Qazlal
Uskayaw

Shops:
D:1 [


Innate Abilities, Weirdness & Mutations

You have a pair of horns on your head.
You reflexively headbutt those who attack you in melee.


Message History

Things that are here:
a +1 short sword of venom; 5 stones A scorpion comes into view.
You feel sick. The adder misses you.
You closely miss the adder. Your headbutt misses the adder.
You feel sick. The adder barely misses you. The adder completely misses you.
You hit the adder.
The adder is moderately wounded.
You feel sick. The adder barely misses you. The adder bites you.
You barely miss the adder.
The adder is moderately wounded.
You feel sick.
You are no longer poisoned.
The adder closely misses you.
You hit the adder.
The adder is severely wounded.
The adder barely misses you. The adder bites you.
* * * LOW HITPOINT WARNING * * *
You are poisoned.
The adder poisons you!
You barely miss the adder.
The adder is severely wounded.
You feel sick. The adder misses you. You furiously retaliate!
You headbutt the adder!
You kill the adder!
Trog accepts your kill.
You feel sick.
You feel sick. The scorpion closely misses you. You furiously retaliate!
You headbutt the scorpion.
There is a stone staircase leading down here.
You feel sick.
You are no longer poisoned.
The scorpion stings you.
* * * LOW HITPOINT WARNING * * *
You climb downwards.
Found a scroll labelled HYSOXKUONG.
There is a stone staircase leading up here.
The scorpion barely misses you. The scorpion stings you!
You die...

.# .# ..# ...#
...#
##+#######...#
.............#
........@....#
##.....s.....+
#...........#
#...........#
#.....<.....#
#..?........#
#.##.####...#
## #. ...# ..
...#


You could see a scorpion.

Vanquished Creatures
  Jessica (D:3)
  An adder (D:4)
  A dart slug (D:1)
  2 endoplasms
  A giant cockroach (D:1)
  2 goblins
  A hobgoblin (D:3)
  2 quokkas (D:1)
  A ball python (D:1)
  3 kobolds
  A rat (D:1)
16 creatures vanquished.

Vanquished Creatures (others)
  A fungus (D:1)
  2 plants (D:1)
3 creatures vanquished.

Grand Total: 19 creatures vanquished

Notes
Turn   | Place    | Note
-------+----------+-------------------------------------------
     0 | D:1      | heartyfrogbroth the Minotaur Berserker began the quest for
                  | the Orb.
     0 | D:1      | Reached XP level 1. HP: 19/19 MP: 0/0
   103 | D:1      | Found Duzif's Antique Armour Shoppe.
   142 | D:1      | Reached XP level 2. HP: 25/27 MP: 1/1
   206 | D:3      | Found a stormy altar of Qazlal.
   206 | D:3      | Found a hide-covered altar of Uskayaw.
   244 | D:3      | Noticed Jessica
   251 | D:3      | Killed Jessica
   252 | D:3      | Reached XP level 3. HP: 21/33 MP: 2/2
   279 | D:4      | Noticed a scorpion
   287 | D:4      | HP: 1/34 [scorpion (2)]
   288 | D:5      | Entered Level 5 of the Dungeon
   293 | D:5      | Mangled by a scorpion

Illustrated notes

Levels and vault maps discovered:
D:1:      lemuel_arrival_muddy, layout_basic, serial_shops,
          nicolae_shop_behind_doors, ebering_ecumenical_altar_rust,
          grunt_decor_one_mirror
D:2:      layout_basic, serial_shops, shop
D:3:      layout_basic, nicolae_qazlal_general_emergency, fedhas_altar_4,
          mainiacjoe_overflow_catwalk, minmay_cupped, uniq_jessica
D:4:      layout_rooms, mainiacjoe_overflow_alcove_2, portal_sewer_entry_d
D:5:      layout_gridville, serial_bayou_pond_d, uniq_grinder,
          uniq_crazy_yiuf_cottage

Skill      XL: |  1  2 |
---------------+-------+-----
Axes           | 4 |  4.7
Fighting       | 4 |  4.3
Armour         | |  2.6
Dodging        | |  2.6

Action                   || total
-------------------------++-------
Melee: Hand axe          ||    28
       Headbutt          ||     7
       War axe           ||    14
Armor: Animal skin       ||     1
Dodge: Dodged            ||    24

Table legend: (Time is in decaauts)
 A = Elapsed time spent in this place.
 B = Non-inter-level travel time spent in this place.
 C = Inter-level travel time spent in this place.
 D = Time resting spent in this place.
 E = Time spent auto-exploring this place.
 F = Levels seen in this place.
 G = Mean time per level.
                   A        B        C        D        E       F      G
               +--------+--------+--------+--------+--------+-----+--------+
         Total |    298 |    298 |      0 |      0 |      0 |   5 |   59.6 |
       Dungeon |    298 |    298 |      0 |      0 |      0 |   5 |   59.6 |
               +--------+--------+--------+--------+--------+-----+--------+

Top non-repeatable levels by time:
     D:1: 161 daAuts
     D:3: 62 daAuts
     D:2: 46 daAuts
     D:4: 22 daAuts
     D:5: 4 daAuts
